 Dungeon Crawl Stone Soup version 0.26-a0-682-g294304f6e8 (webtiles) character file.

Game seed: 9193260288308790826

10438 PentaManta the Slinger (level 11, -9/77 HPs)
             Began as a Halfling Berserker on Oct 20, 2020.
             Was an Elder of Trog.
             Mangled by a boulder beetle (15 damage)
             ... on level 12 of the Dungeon.
             The game lasted 00:29:50 (12842 turns).

PentaManta the Slinger (Halfling Berserker)        Turns: 12842, Time: 00:29:52

Health: -9/77      AC: 16    Str: 21    XL:     11   Next: 93%
Magic:  11/11      EV: 17    Int:  5    God:    Trog [****..]
Gold:   614        SH:  0    Dex: 15    Spells: 10/10 levels left

rFire    + . .     SeeInvis +   n - +1 dagger (venom)
rCold    . . .     Faith    .   (shield restricted)
rNeg     . . .     Spirit   .   N - +0 chain mail
rPois    .         Reflect  .   e - +2 hat {SInv}
rElec    .         Harm     .   (no cloak)
rCorr    .         Rampage  .   S - +1 pair of gloves
MR       .....                  (no boots)
Stlth    ..........             Q - amulet of regeneration
HPRegen  0.62/turn              q - ring of stealth
MPRegen  0.12/turn              A - ring of protection from fire

@: lethally poisoned (-9 -> -9)
A: small, mutation resistance 1
a: Berserk, Trog's Hand, Brothers in Arms, Renounce Religion


You were on level 12 of the Dungeon.
You worshipped Trog.
Trog was greatly pleased with you.
You visited 2 branches of the dungeon, and saw 13 of its levels.

You collected 644 gold pieces.
You spent 30 gold pieces at shops.

Inventory:

Hand Weapons
 i - a +0 hunting sling
 l - a +0 dagger of electrocution
 n - a +1 dagger of venom (weapon)
 R - a +0 dagger of speed
Missiles
 d - 81 sling bullets
 o - 148 stones
 x - 63 poisoned darts (quivered)
 z - 4 boomerangs of dispersal
 L - 7 javelins
Armour
 e - a +2 hat of see invisible (worn)
 f - a +0 troll leather armour
 J - +0 acid dragon scales
 N - a +0 chain mail (worn)
 S - a +1 pair of gloves (worn)
Jewellery
 q - a ring of stealth (left hand)
 s - an uncursed ring of ice
 A - a ring of protection from fire (right hand)
 G - an uncursed ring of protection from fire
 Q - an amulet of regeneration (around neck)
Wands
 F - a wand of disintegration (16)
 H - a wand of acid (19)
 P - a wand of polymorph (17)
Scrolls
 c - 4 scrolls of teleportation
 h - 2 scrolls of blinking {unknown}
 k - 4 scrolls of fog
 m - 3 scrolls of fear {unknown}
 r - 3 scrolls of remove curse {unknown}
 u - 2 scrolls of magic mapping {unknown}
 v - 2 scrolls of enchant weapon {unknown}
 w - 2 scrolls of random uselessness {unknown}
Potions
 a - 2 potions of ambrosia {unknown}
 b - 3 potions of haste
 g - a potion of berserk rage
 t - 5 potions of flight
 B - 5 potions of invisibility
 E - 3 potions of lignification
 I - a potion of cancellation
 K - 3 potions of mutation
 M - a potion of might


   Skills:
 + Level 7.8 Fighting
 - Level 3.6 Short Blades
 - Level 12.0 Slings
 * Level 10.6 Armour
 * Level 10.9 Dodging


You had 10 spell levels left.
You didn't know any spells.
Your spell library was empty.

Dungeon Overview and Level Annotations

Branches:
Dungeon (11/15)            Temple (1/1) D:6            Lair (0/6) D:10
    Orc (0/2) D:11

Altars:
Ashenzari
Cheibriados
Dithmenos
Elyvilon
Fedhas
Gozag
Hepliaklqana
Kikubaaqudgha
Makhleb
Nemelex Xobeh
Okawaru
Qazlal
Ru
Sif Muna
Trog
Uskayaw
Vehumet
Wu Jian
Xom
Yredelemnul
Zin
The Shining One

Shops:
D:7 ?   D:10 ?


Innate Abilities, Weirdness & Mutations

You are small and have problems with some larger weapons.
You are somewhat resistant to further mutation.


Message History

You feel sick. The boulder beetle bites you!
Press: ? - help, v - describe, . - travel, g - get item
Here: a boulder beetle (lightly wounded) Item here: 5 stones.
The floor.
Your +1 dagger of venom begins to drip with poison!
n - a +1 dagger of venom (weapon)
You hit the boulder beetle.
The boulder beetle is lightly wounded.
The boulder beetle bites you!!
* * * LOW HITPOINT WARNING * * *
You hit the boulder beetle but do no damage.
The boulder beetle is poisoned.
The boulder beetle is lightly wounded.
The boulder beetle barely misses you.
You hit the boulder beetle but do no damage.
The boulder beetle looks even sicker.
The boulder beetle is lightly wounded.
The kobold barely misses you. The boulder beetle bites you!
You die...

(( (.. .(..
#######....
#.....(....
#....(.....
#...K(.....
#.(@B.(#
#######.((...#
#............#
+............#
#............#
#####......#######
........†..#
.......†...#
.....##'####


You could see a boulder beetle (very poisoned) and a kobold.

Vanquished Creatures
  Gastronok (D:9)
  A two-headed ogre (D:9)
  An unseen horror (D:10)
  A deep elf mage (D:11)
  A gargoyle (D:10)
  Maggie (D:7)
  A centaur skeleton (D:11)
  A troll (D:11)
  Prince Ribbit (D:5)
  3 slime creatures (D:11)
  Eustachio (D:5)
  3 wyverns
  Menkaure (D:7)
  2 water moccasins
  Duvessa (D:5)
  6 sky beasts
  2 ice beasts (D:8)
  2 phantoms
  A black bear (D:8)
  2 ogres
  6 centaurs
  4 big kobolds
  Blork the orc (D:5)
  5 bullfrogs
  Dowan (D:5)
  A scorpion (D:7)
  11 killer bees
  A howler monkey (D:8)
  2 centaur zombies
  3 jellies
  7 hounds
  4 orc priests
  A bullfrog skeleton (D:8)
  5 orc wizards
  2 iguanas
  10 worker ants
  A hound zombie (D:5)
  A hound skeleton (D:3)
  3 worker ant zombies
  8 adders
  3 shadow imps
  2 ufetubi (D:8)
  An adder skeleton (D:4)
  3 worms (D:2)
  6 dart slugs
  4 leopard geckos
  29 orcs
  A ball python (D:5)
  11 giant cockroaches
  7 goblins
  5 hobgoblins (D:2)
  26 kobolds
  7 quokkas
  8 bats
  5 frilled lizards
  A leopard gecko skeleton (D:4)
  11 rats
  A bush (D:8)
241 creatures vanquished.

Notes
Turn   | Place    | Note
-------+----------+-------------------------------------------
     0 | D:1      | PentaManta the Halfling Berserker began the quest for the
                  | Orb.
     0 | D:1      | Reached XP level 1. HP: 15/15 MP: 1/1
    46 | D:1      | Reached XP level 2. HP: 19/20 MP: 2/2
   583 | D:1      | Reached XP level 3. HP: 24/25 MP: 3/3
   584 | D:1      | Reached skill level 1 in Slings
   977 | D:2      | Reached skill level 2 in Slings
  1292 | D:2      | Reached skill level 3 in Slings
  1303 | D:2      | Reached XP level 4. HP: 30/30 MP: 4/4
  1306 | D:2      | Reached ** piety under Trog
  1508 | D:2      | Found a broken altar of Ashenzari.
  1508 | D:2      | Found a basalt altar of Yredelemnul.
  1744 | D:2      | Found a sparkling altar of Nemelex Xobeh.
  1777 | D:2      | Reached skill level 4 in Slings
  2389 | D:3      | Reached XP level 5. HP: 35/35 MP: 5/5
  2589 | D:3      | Reached skill level 5 in Slings
  2767 | D:3      | Reached skill level 6 in Slings
  3211 | D:4      | Reached XP level 6. HP: 28/41 MP: 6/6
  3228 | D:4      | Reached skill level 7 in Slings
  3635 | D:4      | Reached *** piety under Trog
  3776 | D:4      | Reached skill level 8 in Slings
  4036 | D:5      | Entered Level 5 of the Dungeon
  4084 | D:5      | Noticed Duvessa
  4086 | D:5      | Noticed Dowan
  4095 | D:5      | Killed Duvessa
  4095 | D:5      | Reached skill level 9 in Slings
  4095 | D:5      | Reached XP level 7. HP: 34/45 MP: 7/7
  4106 | D:5      | Killed Dowan
  4386 | D:5      | Noticed Eustachio
  4414 | D:5      | Killed Eustachio
  4414 | D:5      | Reached skill level 10 in Slings
  4527 | D:5      | Noticed Prince Ribbit
  4540 | D:5      | Reached skill level 11 in Slings
  4540 | D:5      | Reached XP level 8. HP: 33/51 MP: 8/8
  4546 | D:5      | Killed Prince Ribbit
  4546 | D:5      | Reached skill level 12 in Slings
  4740 | D:5      | Noticed Blork the orc
  4755 | D:5      | Killed Blork the orc
  5720 | D:6      | Found a staircase to the Ecumenical Temple.
  5827 | D:6      | Found a sacrificial altar of Ru.
  6225 | D:6      | Reached XP level 9. HP: 52/58 MP: 9/9
  6411 | Temple   | Entered the Ecumenical Temple
  6637 | D:7      | Found a stormy altar of Qazlal.
  6637 | D:7      | Noticed Menkaure
  6642 | D:7      | Killed Menkaure
  6642 | D:7      | Reached skill level 5 in Dodging
  6782 | D:7      | Found Yfya's Magic Scroll Boutique.
  7171 | D:7      | Reached skill level 5 in Armour
  7474 | D:7      | Noticed Maggie
  7492 | D:7      | Killed Maggie
  7492 | D:7      | Reached skill level 5 in Fighting
  7575 | D:7      | Found a sparkling altar of Nemelex Xobeh.
  7746 | D:8      | Reached **** piety under Trog
  8106 | D:8      | Reached XP level 10. HP: 62/68 MP: 10/10
  8598 | D:8      | Found a burning altar of Makhleb.
  8707 | D:8      | Found a sacrificial altar of Ru.
  9100 | D:9      | Noticed a two-headed ogre
  9117 | D:9      | Killed a two-headed ogre
 10052 | D:9      | Noticed Gastronok
 10439 | D:9      | Killed Gastronok
 10439 | D:9      | Reached XP level 11. HP: 75/75 MP: 11/11
 10795 | D:10     | Entered Level 10 of the Dungeon
 10965 | D:10     | Noticed an unseen horror
 10985 | D:10     | Killed an unseen horror
 10985 | D:10     | Reached skill level 10 in Dodging
 11474 | D:10     | Found a staircase to the Lair.
 11730 | D:10     | Found Zisyshri's Magic Scroll Emporium.
 11734 | D:10     | Bought a scroll of identify for 30 gold pieces
 12069 | D:11     | Reached skill level 10 in Armour
 12087 | D:11     | Found a staircase to the Orcish Mines.
 12106 | D:11     | Noticed a deep elf mage
 12118 | D:11     | Killed a deep elf mage
 12612 | D:11     | You fall into a shaft and drop 1 floor!
 12826 | D:12     | Noticed a boulder beetle
 12842 | D:12     | Mangled by a boulder beetle

Illustrated notes

Levels and vault maps discovered:
D:1:      eino_arrival_cavern_b, layout_rooms, minmay_misc_feat_diagonals
D:2:      layout_basic, lemuel_round_altar, gammafunk_temple_overflow_elements,
          minmay_stone_trees_medium
D:3:      layout_basic
D:4:      layout_cave_pools
D:5:      kennysheep_big_flooded_room, layout_gridville,
          kennysheep_generic_room_5, uniq_duvessa, uniq_eustachio,
          uniq_blork_the_orc, uniq_prince_ribbit1
D:6:      layout_loops_corners, kennysheep_mini_moat,
          minmay_temple_entry_stoned_glass
D:7:      layout_loops_ring, basic_altar, serial_shops, shop_fountains,
          nicolae_qazlal_general_emergency, uniq_menkaure, uniq_maggie
D:8:      layout_loops_corners, basic_altar, minmay_hedge_maze,
          nicolae_ru_path_of_blood
D:9:      layout_layer_cave, minmay_misc_feat_hallway, uniq_gastronok
D:10:     layout_basic, lair_entry_dummy, serial_shops,
          nicolae_shop_competitors_out_of_business
D:11:     layout_loops_ring, minmay_orc_entry_temple_small,
          chequers_serial_rivers_micro_d
D:12:     layout_gridville
Temple:   eino_narrow_crystal_temple

Skill      XL: |  1  2  3  4  5  6  7  8  9 10 11 |
---------------+----------------------------------+-----
Dodging        | 3 4 6 9 10 | 10.9
Slings         | 3 4 6 9 11 12 | 12.0
Fighting       | 3 5 7 |  7.8
Armour         | 3 6 9 10 | 10.6
Short Blades   | |  3.6

Action                   |  1- 3 |  4- 6 |  7- 9 | 10-12 || total
-------------------------+-------+-------+-------+-------++-------
Melee: Short sword       |    32 |       |       |       ||    32
       Dagger            |       |    10 |   113 |   108 ||   231
 Fire: Hunting sling     |    97 |   219 |   303 |   556 ||  1175
Throw: Dart              |       |       |       |     9 ||     9
       Boomerang         |       |       |       |     1 ||     1
Invok: Berserk           |     1 |       |     3 |     4 ||     8
       Trog's Hand       |       |       |       |     3 ||     3
  Use: Scroll            |       |       |       |    17 ||    17
       Potion            |       |       |       |     1 ||     1
Armor: Animal skin       |     4 |       |       |       ||     4
       Leather armour    |     5 |     8 |       |       ||    13
       Ring mail         |       |    10 |    38 |       ||    48
       Acid dragon scale |       |       |     7 |     6 ||    13
       Chain mail        |       |       |       |   125 ||   125
Dodge: Dodged            |    56 |    83 |    81 |   339 ||   559

Table legend: (Time is in decaauts)
 A = Elapsed time spent in this place.
 B = Non-inter-level travel time spent in this place.
 C = Inter-level travel time spent in this place.
 D = Time resting spent in this place.
 E = Time spent auto-exploring this place.
 F = Levels seen in this place.
 G = Mean time per level.
                   A        B        C        D        E       F      G
               +--------+--------+--------+--------+--------+-----+--------+
         Total |  12537 |  12224 |    313 |   1275 |   8635 |  13 |  964.4 |
       Dungeon |  12349 |  12049 |    300 |   1275 |   8461 |  12 | 1029.1 |
        Temple |    188 |    175 |     13 |      0 |    174 |   1 |  188.0 |
               +--------+--------+--------+--------+--------+-----+--------+

Top non-repeatable levels by time:
     D:8: 1523 daAuts
     D:5: 1510 daAuts
     D:9: 1485 daAuts
     D:2: 1357 daAuts
    D:10: 1168 daAuts
     D:7: 1019 daAuts
     D:3: 1013 daAuts
     D:4: 888 daAuts
     D:6: 858 daAuts
     D:1: 779 daAuts
    D:11: 536 daAuts
    D:12: 207 daAuts
  Temple: 188 daAuts
